 Dungeon Crawl Stone Soup version 0.20-a0-972-gb9bd3e6 (webtiles) character file.

101 Deemzul the Skirmisher (level 4, -3/35 HPs)
             Began as a Demonspawn Fighter on Apr 9, 2017.
             Slain by endorz's ghost (12 damage)
             ... while paralysed
             ... on level 4 of the Dungeon.
             The game lasted 00:02:06 (1914 turns).

Deemzul the Skirmisher (Demonspawn Fighter)         Turns: 1914, Time: 00:02:06

Health: -3/35      AC: 12    Str: 17    XL:     4   Next: 48%
Magic:  4/4        EV:  2    Int:  9    God:
Gold:   81         SH:  0    Dex: 13    Spells: 3/3 levels left

rFire    . . .     SeeInvis .   a - +0 war axe
rCold    . . .     Gourm    .   c - +0 shield
rNeg     . . .     Faith    .   b - +0 scale mail
rPois    .         Spirit   .   (helmet restricted)
rElec    .         Reflect  .   (no cloak)
rCorr    .         Harm     +   (no gloves)
MR       .....                  (no boots)
Stlth    ..........             g - amulet of harm
Regen    0.2/turn               (no ring)
MPRegen  0.1/turn               (no ring)

@: paralysed, sanguine armour, fainting
A: horns 2, sanguine armour 1
a: no special abilities


You were on level 4 of the Dungeon.
You were fainting.

You visited 1 branch of the dungeon, and saw 4 of its levels.

You collected 81 gold pieces.

Inventory:

Hand Weapons
 a - a +0 war axe (weapon)
Armour
 b - a +0 scale mail (worn)
 c - a +0 shield (worn)
Jewellery
 g - an amulet of harm (around neck)
Scrolls
 e - a scroll of immolation {unknown}
 h - 2 scrolls of identify {unknown}
 i - a scroll of recharging {unknown}
 l - 2 scrolls of blinking {unknown}
 n - a scroll of magic mapping {unknown}
 o - a scroll of noise {unknown}
 p - a scroll of enchant armour {unknown}
 r - a scroll of amnesia {unknown}
 s - a scroll of random uselessness {unknown}
Potions
 d - a potion of might
 j - 2 potions of curing {unknown}
 k - a potion of mutation {unknown}
Comestibles
 f - 2 bread rations
 q - 2 meat rations


   Skills:
 + Level 3.4 Fighting
 * Level 3.0 Axes
 + Level 3.3 Armour
 + Level 3.1 Shields


You had 3 spell levels left.
You didn't know any spells.

Dungeon Overview and Level Annotations

Branches:
Dungeon (4/15)
 Temple: D:4-7

Altars:
Makhleb
Ru

Annotations:
D:3 Deemzul's ghost, amateur DsFi
D:4 endorz's ghost, amateur MiFi


Innate Abilities, Weirdness & Mutations

You have a pair of horns on your head.
When seriously injured, your bleeding wounds create armour. (AC +6)


Message History

Endorz's ghost is heavily damaged.
Endorz's ghost hits you.
Your shield prevents you from hitting endorz's ghost.
Endorz's ghost is heavily damaged.
You block endorz's ghost's attack. x2
You are fainting from starvation!
You hit endorz's ghost.
Endorz's ghost is heavily damaged.
You block endorz's ghost's attack.
You barely miss endorz's ghost.
Endorz's ghost is heavily damaged.
You lose consciousness!
You feel less wooden.
Your +0 scale mail unmelds from your body.
Your blood congeals into armour.
Endorz's ghost hits you.
Endorz's ghost screams, "You will never get the ORB!"
Endorz's ghost hits you.
* * * LOW HITPOINT WARNING * * *
Endorz's ghost hits you!
You die...

#########...######.
#....#......# ####.
#...........# .....
#...........# ......
##...######### ###....#
#...## ♣#♣#♣.♣####o...##
#....# #....oo..ZW(o...#
#.###.##♣.♣.♣W♣######......
# ##.......@# #####
#..♣.♣.♣.♣ ###......#
###### #♣#♣#♣.♣####....##
#.......###..# #......##
#### #.....## #.....#
##.#####


You could see an orc priest, endorz's ghost and an orc.

Vanquished Creatures
  5 adders
  An ooze (D:1)
  An adder skeleton (D:4)
  A worm (D:2)
  A dart slug (D:1)
  3 orcs
  3 giant cockroaches
  6 goblins
  4 hobgoblins (D:2)
  5 kobolds
  2 quokkas
  A ball python (D:2)
  A bat (D:2)
  3 frilled lizards
  8 rats
45 creatures vanquished.

Notes
Turn   | Place    | Note
-------+----------+-------------------------------------------
     0 | D:1      | Deemzul the Demonspawn Fighter began the quest for the Orb.
     0 | D:1      | Reached XP level 1. HP: 18/18 MP: 1/1
    93 | D:1      | Gained mutation: You have a pair of small horns on your head. [demonic ancestry]
    93 | D:1      | Reached XP level 2. HP: 21/24 MP: 2/2
   405 | D:2      | Found a sacrificial altar of Ru.
   499 | D:2      | Gained mutation: When seriously injured, your bleeding wounds create armour. (AC +6) [demonic ancestry]
   499 | D:2      | Reached XP level 3. HP: 18/29 MP: 3/3
   587 | D:2      | Found a burning altar of Makhleb.
   590 | D:2      | Noticed an Executioner
  1034 | D:3      | Noticed Deemzul's ghost (amateur DsFi)
  1039 | D:3      | Gained mutation: You have a pair of horns on your head. [demonic ancestry]
  1039 | D:3      | Reached XP level 4. HP: 35/35 MP: 4/4
  1870 | D:4      | Noticed endorz's ghost (amateur MiFi)
  1912 | D:4      | Paralysed by fainting for 6 turns
  1914 | D:4      | Slain by endorz's ghost

Vault maps used:
D:1:      minmay_arrival_up_and_down
D:2:      nicolae_ru_sacrificial_ziggurat, makhleb_altar_promises_db
D:4:      grunt_dithmenos_smoke_and_mirrors,
          minmay_temple_entry_statues_pillars, first_bread, serial_forest,
          infiniplex_forest_lined_room_2, infiniplex_forest_clump_tiny,
          infiniplex_forest_straight_5, infiniplex_forest_lined_1,
          infiniplex_forest_fountain, infiniplex_forest_lined_ring,
          uniq_grinder, uniq_blork_the_orc

Skill      XL: |  1  2  3  4 |
---------------+-------------+-----
Axes           | 2 3 |  3.0
Armour         | 3 |  3.3
Shields        | 3 |  3.1
Fighting       | |  3.4

Action                   |  1- 3 |  4- 6 || total
-------------------------+-------+-------++-------
Melee: War axe           |    86 |    93 ||   179
       Headbutt          |    10 |     8 ||    18
  Use: Potion            |       |     1 ||     1
  Eat: Chunk             |       |     1 ||     1
Armor: Scale mail        |    43 |    27 ||    70
       Skin              |       |    23 ||    23
Dodge: Dodged            |    12 |    28 ||    40
Block: Shield            |    52 |    61 ||   113
